 Dungeon Crawl Stone Soup version 0.18-a0-1088-g34ef3a2 (webtiles) character file.

193 lysy the Firebug (level 5, -2/28 HPs)
             Began as a Deep Elf Fire Elementalist on Jan 16, 2016.
             Killed by divine providence
             ... invoked by an orc priest
              (17 damage)
             ... on level 3 of the Dungeon.
             The game lasted 00:23:48 (3533 turns).

lysy the Firebug (Deep Elf Fire Elementalist)       Turns: 3533, Time: 00:23:48

Health: -2/28      AC:  1    Str:  5    XL:     5   Next: 43%
Magic:  6/12       EV: 13    Int: 21    God:
Gold:   156        SH:  0    Dex: 15    Spells: 3 memorised, 3 levels left

rFire  . . .     SeeInvis .     e - +1 dagger
rCold  . . .     Gourm    .     t - -1 robe (curse)
rNeg   . . .     Faith    .     (no shield)
rPois  .         Spirit   .     (no helmet)
rElec  .         Dismiss  .     (no cloak)
rCorr  .         Reflect  .     (no gloves)
SustAt .         Harm     .     (no boots)
MR     .....                    o - amulet of magic regeneration
Stlth  ++........               (no ring)
                                (no ring)

@: not resistant to hostile enchantments, unstealthy
A: no striking features
a: no special abilities


You were on level 3 of the Dungeon.
You were hungry.

You visited 1 branch of the dungeon, and saw 3 of its levels.

You collected 156 gold pieces.


   Skills:
 - Level 2.8 Dodging
 - Level 2.9 Stealth
 - Level 3.5 Spellcasting
 + Level 3.8 Conjurations
 + Level 5.0 Fire Magic


You had 3 spell levels left.
You knew the following spells:

 Your Spells              Type           Power        Failure   Level  Hunger
x - Sticky Flame          Conj/Fire      ###.....     24%         4    ####...
z - Flame Tongue          Conj/Fire      ###..        1%          1    None
Z - Conjure Flame         Conj/Fire      ###.....     10%         3    ###....

Inventory:

Hand Weapons
 e - a +1 dagger (weapon)
Missiles
 d - 35 stones (quivered)
 p - 5 exploding tomahawks
Armour
 a - a +1 robe
 t - a cursed -1 robe (worn)
Jewellery
 k - an uncursed ring of ice
 o - an amulet of magic regeneration (around neck)
Scrolls
 v - a scroll of magic mapping
Potions
 g - 2 potions of heal wounds {@q2}
 h - 2 potions of invisibility {unknown}
 j - a potion of magic {unknown}
 l - 2 potions of lignification {unknown}
 m - 2 potions of curing {unknown}
 n - a potion of flight {unknown}
 r - a potion of brilliance {unknown}
 u - a potion of cancellation {unknown}
Books
 b - a book of Flames

   Spells                             Type                      Level
   a - Flame Tongue                   Conjuration/Fire             1
   b - Throw Flame                    Conjuration/Fire             2
   c - Conjure Flame                  Conjuration/Fire             3
   d - Inner Flame                    Hexes/Fire                   3
   e - Sticky Flame                   Conjuration/Fire             4
   f - Fireball                       Conjuration/Fire             5
Comestibles
 c - 2 bread rations
 f - 6 meat rations
 i - 3 beef jerkies

Dungeon Overview and Level Annotations

Branches:
Dungeon (3/15)

Altars:
Nemelex Xobeh
The Shining One
Beogh

▒▒▒
▒.............▒▒▒▒▒▒▒
▒.......▒▒▒▒▒...[..(.
▒▒▒▒....▒ ▒▒▒▒▒▒▒▒▒
▒▒'▒▒▒ ▒.▒ ▒÷▒ ▒▒▒▒▒
▒o▒ ▒...▒ ▒▒▒▒#▒▒▒▒
▒...▒
▒....e..▒▒▒▒▒▒▒▒▒
▒...▒
▒▒▒▒.......'........
▒...▒
▒..........▒▒▒▒▒▒▒▒▒
▒...▒ ▒........▒▒▒
▒...▒▒▒▒[.......▒
▒▒.....).........▒
.................▒
.........▒▒▒▒▒▒▒▒▒
.........▒


You could see an orc priest.


Message History

You close the door.
Something unseen opens the door.
Aiming: Conjure Flame The fire roars!
Aiming: Flame Tongue
Aim: an orc priest, wielding a hand axe and wearing a scale mail The flame tongue hits the orc priest.
The orc priest is moderately wounded.
The orc priest looks braver for a moment.
Aiming: Flame Tongue
Aim: an orc priest, wielding a hand axe and wearing a scale mail (moderately wounded)
The flame tongue hits the orc priest.
The orc priest is almost dead.
The orc priest calls down the wrath of Beogh upon you.
Something smites you!
Aiming: Flame Tongue
Aim: an orc priest, wielding a hand axe and wearing a scale mail (almost dead)
The flame tongue hits the orc priest.
The orc priest appears unharmed.
The orc priest is almost dead.
Aiming: Flame Tongue
Aim: an orc priest, wielding a hand axe and wearing a scale mail (almost dead)
The flame tongue hits the orc priest.
The orc priest appears unharmed.
The orc priest is almost dead.
Aiming: Flame Tongue
Aim: an orc priest, wielding a hand axe and wearing a scale mail (almost dead)
The flame tongue misses the orc priest.
The orc priest calls down the wrath of Beogh upon you.
Something smites you!
Ouch! That really hurt!
You die...

Action                   |  1- 3 |  4- 6 || total
-------------------------+-------+-------++-------
Melee: Dagger            |    17 |     3 ||    20
Throw: Stone             |    63 |    24 ||    87
 Cast: Flame Tongue      |    65 |    54 ||   119
       Conjure Flame     |     3 |    10 ||    13
       Sticky Flame      |       |     2 ||     2
  Use: Scroll            |     6 |     1 ||     7
 Stab: Sleeping          |     1 |       ||     1
  Eat: Chunk             |     3 |     4 ||     7
       Beef jerky        |     1 |       ||     1

Vault maps used:
D:1:      saegor_arrival_simple_c
D:2:      gammafunk_temple_overflow_statue, ecumenical_altar_1, first_bread,
          uniq_jessica
D:3:      kennysheep_six_static_rooms, kennysheep_orc_chapel

Notes
Turn   | Place    | Note
--------------------------------------------------------------
     0 | D:1      | lysy the Deep Elf Fire Elementalist began the quest for the Orb.
     0 | D:1      | Reached XP level 1. HP: 10/10 MP: 6/6
   479 | D:1      | Reached XP level 2. HP: 4/15 MP: 0/8
  1239 | D:2      | Reached XP level 3. HP: 19/19 MP: 6/10
  1311 | D:2      | Found a sparkling altar of Nemelex Xobeh.
  1311 | D:2      | Found a glowing golden altar of the Shining One.
  1356 | D:2      | Learned a level 3 spell: Conjure Flame
  1457 | D:2      | Reached skill level 2 in Conjurations
  1530 | D:2      | Found a faded altar to an unknown god.
  1824 | D:2      | Reached skill level 4 in Fire Magic
  2334 | D:2      | Noticed Jessica
  2342 | D:2      | Killed Jessica
  2342 | D:2      | Reached XP level 4. HP: 18/24 MP: 6/11
  2690 | D:3      | Reached skill level 3 in Conjurations
  2855 | D:3      | Found a roughly hewn altar of Beogh.
  2980 | D:3      | Reached XP level 5. HP: 28/28 MP: 5/12
  2986 | D:3      | Learned a level 4 spell: Sticky Flame
  3378 | D:3      | Reached skill level 5 in Fire Magic
  3533 | D:3      | Killed from afar by an orc priest

Vanquished Creatures
  Jessica (D:2)
  An orc wizard (D:3)
  8 adders
  An adder skeleton (D:3)
  3 worms
  3 giant geckos
  4 orcs (D:3)
  4 giant cockroaches
  8 goblins
  4 hobgoblins
  2 ball pythons
  6 bats
  2 giant newts
  6 kobolds
  3 rats
56 creatures vanquished.
